Map: Tokamak LE

Players

Remarcable (uThermal)

  • Race: Terran Terran
  • League: Master
  • Spawn Location: 1:00

Krystianer - Winner!

  • Race: Protoss Protoss
  • League: Master
  • Spawn Location: 7:00

Event: FEL Cracov 2025

VOD

Have the link to the VOD?

Description

Time

  • Played on: July 27, 2025, 12:09 p.m.
  • Length: 5:15

All games in this series

Show
View Real Time Build Order
Export as new Build Order

Remarcable Terran 

Build Orders:  

Get SALT Encoding   

  12  0:00  SCV  
  13  0:12  SCV  
  14  0:17  Supply Depot  
  14  0:24  SCV  
  15  0:38  SCV  
  15  0:39  Barracks  
  16  0:44  Refinery  
  16  0:50  SCV  
  16  0:54  Refinery  
  17  1:02  SCV  
  18  1:12  Engineering Bay  
  18  1:15  SCV  
  19  1:26  Barracks Reactor  
  19  1:34  Orbital Command  
  19  1:51  Factory  
  19  1:59  Supply Depot  
  19  2:00  SCV  
  20  2:04  Marine  
  21  2:09  Marine  
  21  2:13  SCV  
  23  2:22  Marine  
  23  2:25  SCV  
  23  2:27  Marine  
  26  2:35  Armory  
  26  2:39  Factory Tech Lab  
  26  2:41  Starport  
  26  2:42  SCV  
  27  2:45  Marine  
  27  2:50  Marine  
  28  2:55  Supply Depot  
  28  3:07  Marine  
  28  3:08  Marine  
  30  3:21  Thor  
  30  3:26  Supply Depot  
  36  3:30  Medivac  
  36  3:33  Marine  
  39  3:43  Marine  
  39  3:51  Marine  
  40  4:01  Marine  
  41  4:06  Thor  
  47  4:15  Supply Depot  
  47  4:18  Marine  
  41  4:33  Marine  
  41  4:36  Marine  
Show
View Real Time Build Order
Export as new Build Order

Krystianer Protoss - Winner!

Build Orders: 1 Gate Expand, Oracle Opening 

Get SALT Encoding   

  12  0:00  Probe  
  13  0:12  Probe  
  14  0:17  Pylon  
  14  0:23  Probe  
  15  0:31  Probe  
  16  0:37  Gateway  
  16  0:39  Probe  
  16  0:46  Assimilator  
  17  0:50  Probe  
  18  1:02  Probe  
  19  1:15  Probe  
  20  1:24  Cybernetics Core  
  20  1:34  Probe  
  20  1:36  Nexus  
  21  1:41  Pylon  
  21  1:46  Probe  
  22  1:49  Assimilator  
  22  1:50  Adept  
  22  1:58  Probe  
  25  2:10  Adept  
  25  2:11  Probe  
  28  2:23  Probe  
  28  2:27  Stargate  
  29  2:35  Probe  
  30  2:39  Adept  
  30  2:40  Warp Gate  
  30  2:47  Probe  
  32  2:51  Probe  
  32  2:58  Shield Battery  
  32  3:00  Probe  
  32  3:03  Oracle  
  32  3:04  Probe  
  34  3:08  Adept  
  41  3:25  Gateway  
  41  3:26  Gateway  
  38  3:28  Shield Battery  
  38  3:33  Oracle  
  38  3:48  Pylon  
  41  3:55  Gateway  
  41  3:57  Shield Battery  
  41  4:09  Shield Battery  
  41  4:10  Pylon  
  41  4:30  Stalker x3  
  47  4:48  Probe  
  47  4:49  Probe  
  49  4:53  Stalker x4, Assimilator  
  49  4:56  Pylon  
  57  5:00  Probe  
  57  5:02  Probe  
Tags
 
Add a new tag
Caveats
  • Supply blocks, unpowered buildings, or Contaminate may cause inaccurate times.
  • Supply counts are checked every 10 seconds.